[Event "Marmaris Karya-12 IM 2022"]
[Site "Icmeler-Marmaris"]
[Date "2022.01.22"]
[Round "1.2"]
[White "Inci, Okan"]
[Black "Darban, Morteza"]
[Result "0-1"]
[ECO "E97"]
[WhiteElo "1653"]
[BlackElo "2261"]
[Annotator "ChessBase"]
[PlyCount "24"]
[EventDate "2022.01.22"]
[EventType "schev"]
[EventCountry "TUR"]
[SourceTitle "playchess.com"]
[Source "ChessBase"]
[SourceQuality "1"]
[TimeControl "5400+30"]

1. d4 Nf6 2. Nf3 d6 3. c4 g6 4. Nc3 Bg7 5. e4 O-O 6. Be2 e5 7. O-O Nc6 8. d5 Ne7 9. b4 a5 10. bxa5 Rxa5 11. Nd2 c6 12. Nb5 Ra6 0-1

[Event "Marmaris Karya-12 IM 2022"]
[Site "Icmeler-Marmaris"]
[Date "2022.01.22"]
[Round "1.3"]
[White "Atayman, Evren"]
[Black "Ahmad, Al Khatib"]
[Result "0-1"]
[ECO "B33"]
[WhiteElo "1616"]
[BlackElo "2218"]
[Annotator "ChessBase"]
[PlyCount "76"]
[EventDate "2022.01.22"]
[EventType "schev"]
[EventCountry "TUR"]
[SourceTitle "playchess.com"]
[Source "ChessBase"]
[SourceQuality "1"]
[TimeControl "5400+30"]

1. e4 c5 2. Nf3 Nc6 3. d4 cxd4 4. Nxd4 Nf6 5. Nc3 e5 6. Nf3 Bb4 7. Bd2 Bxc3 8. Bxc3 Nxe4 9. Bc4 Nxc3 10. bxc3 d6 11. Bd5 O-O 12. O-O Be6 13. Bb3 h6 14. Re1 Qc7 15. Qe2 Na5 16. Qd2 Rad8 17. Re3 Nc4 18. Bxc4 Bxc4 19. Re4 f5 20. Rh4 f4 21. Qd1 Qe7 22. g3 Be6 23. gxf4 exf4 24. Qd4 Qf6 25. Qxf6 Rxf6 26. Nd4 Bd7 27. Rh5 g5 28. h4 gxh4 29. Rxh4 Rc8 30. Ne2 f3 31. Ng3 Rxc3 32. Rb1 b6 33. Kh2 Rxc2 34. Re1 Rxf2+ 35. Kg1 Rg2+ 36. Kh1 Rxg3 37. Re7 f2 38. Kh2 f1=Q 0-1

[Event "Marmaris Karya-12 IM 2022"]
[Site "Icmeler-Marmaris"]
[Date "2022.01.22"]
[Round "1.4"]
[White "Ozcan, Alperen"]
[Black "Haussernot, Cecile"]
[Result "1-0"]
[ECO "D02"]
[WhiteElo "1578"]
[BlackElo "2188"]
[Annotator "ChessBase"]
[PlyCount "32"]
[EventDate "2022.01.22"]
[EventType "schev"]
[EventCountry "TUR"]
[SourceTitle "playchess.com"]
[Source "ChessBase"]
[SourceQuality "1"]
[TimeControl "5400+30"]

1. d4 Nf6 2. Nf3 d5 3. Bf4 c5 4. e3 Qb6 5. Qd3 Nc6 6. e4 c4 7. Qc3 Bf5 8. Qd2 g6 9. Nc3 Bg7 10. Be3 O-O 11. O-O-O Nh5 12. Bg5 Nxd4 13. Qe3 Qc7 14. Nh4 Bd7 15. e5 f5 16. Nxd5 b5 1-0

[Event "Marmaris Karya-12 IM 2022"]
[Site "Icmeler-Marmaris"]
[Date "2022.01.22"]
[Round "1.5"]
[White "Ozturk, Ibrahim Muhammed"]
[Black "Boshra, Alshaeby"]
[Result "0-1"]
[ECO "B33"]
[WhiteElo "1265"]
[BlackElo "1974"]
[Annotator "ChessBase"]
[PlyCount "53"]
[EventDate "2022.01.22"]
[EventType "schev"]
[EventCountry "TUR"]
[SourceTitle "playchess.com"]
[Source "ChessBase"]
[SourceQuality "1"]
[TimeControl "5400+30"]

1. e4 c5 2. Nf3 Nc6 3. d4 cxd4 4. Nxd4 Nf6 5. Nc3 e5 6. Nf3 Bb4 7. Bd2 Bxc3 8. Bxc3 Nxe4 9. Bc4 Nxc3 10. bxc3 d6 11. Bd5 O-O 12. O-O Be6 13. Bb3 h6 14. Re1 Qc7 15. Qe2 Rad8 16. Red1 d5 17. Rxd5 Rxd5 18. g3 Rd1+ 19. Qxd1 Bxb3 20. Nh4 f5 21. Nf3 f4 22. gxf4 Be6 23. Nh4 Qe7 24. Nf3 Nd8 25. f5 Bxf5 26. Nh4 Be6 27. Nf3 0-1

[Event "Marmaris Karya-12 IM 2022"]
[Site "Icmeler-Marmaris"]
[Date "2022.01.22"]
[Round "2.1"]
[White "Darban, Morteza"]
[Black "Koseoglu, Osman Ogul"]
[Result "1-0"]
[ECO "C24"]
[WhiteElo "2261"]
[BlackElo "1733"]
[Annotator "ChessBase"]
[PlyCount "79"]
[EventDate "2022.01.22"]
[EventType "schev"]
[EventCountry "TUR"]
[SourceTitle "playchess.com"]
[Source "ChessBase"]
[SourceQuality "1"]
[TimeControl "5400+30"]

1. e4 e5 2. Nf3 d6 3. Bc4 Be7 4. O-O Nf6 5. d3 c6 6. Re1 b5 7. Bb3 a5 8. c3 Nbd7 9. d4 a4 10. Bc2 O-O 11. a3 Re8 12. c4 Qc7 13. Nc3 bxc4 14. Nxa4 Bf8 15. h3 d5 16. exd5 e4 17. d6 Qa7 18. Nh2 Bxd6 19. Nf1 Nf8 20. Nc3 Ne6 21. Nxe4 Nxe4 22. Bxe4 Nxd4 23. Bxh7+ Kf8 24. Be3 c5 25. Qh5 Re5 26. Bf4 Rxe1 27. Bxd6+ Re7 28. Bxc5 Ne2+ 29. Kh1 Nf4 30. Bxe7+ Qxe7 31. Qf3 Nxh3 32. Qxa8 Nxf2+ 33. Kg1 Qc5 34. Qf3 Ng4+ 35. Ne3 Nxe3 36. Qf2 c3 37. Rc1 Qg5 38. Rxc3 Bb7 39. Rxe3 Bxg2 40. Rg3 1-0

[Event "Marmaris Karya-12 IM 2022"]
[Site "Icmeler-Marmaris"]
[Date "2022.01.22"]
[Round "2.2"]
[White "Ahmad, Al Khatib"]
[Black "Inci, Okan"]
[Result "1-0"]
[ECO "B30"]
[WhiteElo "2218"]
[BlackElo "1653"]
[Annotator "ChessBase"]
[PlyCount "107"]
[EventDate "2022.01.22"]
[EventType "schev"]
[EventCountry "TUR"]
[SourceTitle "playchess.com"]
[Source "ChessBase"]
[SourceQuality "1"]
[TimeControl "5400+30"]

1. e4 c5 2. Nf3 Nc6 3. Nc3 e5 4. Bc4 Be7 5. d3 d6 6. O-O Nf6 7. Ng5 O-O 8. f4 Bg4 9. Qe1 exf4 10. Bxf4 Nd4 11. Qf2 h6 12. Nf3 Nxf3+ 13. gxf3 Be6 14. Qg2 Kh8 15. Kh1 d5 16. Rg1 Rg8 17. exd5 Nxd5 18. Bxh6 gxh6 19. Qxg8+ Qxg8 20. Rxg8+ Rxg8 21. Bxd5 Bh3 22. Rg1 Rf8 23. Bxb7 Rb8 24. Bd5 Rxb2 25. Bb3 Bd7 26. Nd1 Rb1 27. Ne3 Rxg1+ 28. Kxg1 Kg7 29. Kf2 Bh3 30. Kg3 Bd7 31. f4 Kg6 32. Nc4 f6 33. Ne3 Bd6 34. Bd5 Bc7 35. Ng2 f5 36. Ne3 Kf6 37. Bg8 Kg7 38. Bb3 Bc8 39. Bd5 Bd7 40. Bg2 Be6 41. a3 Kg6 42. Bd5 Bd7 43. Nc4 Kf6 44. Kf3 Be8 45. Ne3 Bh5+ 46. Kg3 Be8 47. Bb7 Bf7 48. Bc8 Ba5 49. Nxf5 Be1+ 50. Kf3 Bh5+ 51. Ke3 Bg4 52. Nd6 Bd1 53. Ne4+ Ke7 54. c4 1-0

[Event "Marmaris Karya-12 IM 2022"]
[Site "Icmeler-Marmaris"]
[Date "2022.01.22"]
[Round "2.3"]
[White "Haussernot, Cecile"]
[Black "Atayman, Evren"]
[Result "1-0"]
[ECO "B24"]
[WhiteElo "2188"]
[BlackElo "1616"]
[Annotator "NA"]
[PlyCount "51"]
[EventDate "2022.01.22"]
[EventType "schev"]
[EventCountry "TUR"]
[SourceTitle "playchess.com"]
[Source "ChessBase"]
[SourceQuality "1"]
[TimeControl "5400+30"]

1. e4 c5 2. Nf3 Nc6 3. Nc3 g6 4. g3 Bg7 5. Bg2 a6 6. O-O b5 7. Ne1 h5 (7... Bb7 $11) 8. h3 h4 (8... Bb7 $11) 9. g4 e5 10. Nd5 d6 11. c3 Be6 12. a4 Bxd5 13. exd5 Nce7 14. Qe2 Rb8 15. axb5 axb5 16. f4 c4 17. fxe5 Qb6+ 18. Kh1 dxe5 19. d4 cxd3 20. Nxd3 Qd6 21. Be3 f6 22. Bc5 Qd7 23. Ra7 Rb7 $18 24. Rxb7 Qxb7 25. d6 Nc6 26. Nb4 1-0

[Event "Marmaris Karya-12 IM 2022"]
[Site "Icmeler-Marmaris"]
[Date "2022.01.22"]
[Round "2.4"]
[White "Boshra, Alshaeby"]
[Black "Ozcan, Alperen"]
[Result "1/2-1/2"]
[ECO "B00"]
[WhiteElo "1974"]
[BlackElo "1578"]
[Annotator "ChessBase"]
[PlyCount "102"]
[EventDate "2022.01.22"]
[EventType "schev"]
[EventCountry "TUR"]
[SourceTitle "playchess.com"]
[Source "ChessBase"]
[SourceQuality "1"]
[TimeControl "5400+30"]

1. e4 e6 2. d4 d5 3. Nd2 Nf6 4. Bd3 Be7 5. Ngf3 b6 6. Qe2 Bb7 7. e5 Nfd7 8. c3 c5 9. O-O Nc6 10. a3 Qc7 11. Re1 a6 12. Nf1 b5 13. Bf4 c4 14. Bc2 a5 15. Bg3 a4 16. Ne3 Nb6 17. Rf1 O-O-O 18. Nd2 h5 19. h3 g6 20. Bh2 Bf8 21. f4 Bh6 22. Rf3 Ne7 23. Raf1 Qd7 24. g4 Rdg8 25. Kf2 hxg4 26. hxg4 Na8 27. Ke1 Nc7 28. R1f2 Kb8 29. Ndf1 Bc8 30. Kd1 Ka8 31. Kc1 Rf8 32. Kb1 Qc6 33. f5 gxf5 34. gxf5 Qe8 35. Ng3 Rfg8 36. Nh5 Qc6 37. Nf6 Rf8 38. fxe6 fxe6 39. Neg4 Bg7 40. Nh7 Rxf3 41. Rxf3 Nf5 42. Ng5 Qe8 43. Nf6 Qg6 44. Bf4 Bxf6 45. exf6 Qxf6 46. Bxc7 Qxg5 47. Rf1 Ne3 48. Bf4 Qg2 49. Qxg2 Nxg2 50. Be5 Ne3 51. Bxh8 Nxf1 1/2-1/2

[Event "Marmaris Karya-12 IM 2022"]
[Site "Icmeler-Marmaris"]
[Date "2022.01.22"]
[Round "4.2"]
[White "Boshra, Alshaeby"]
[Black "Inci, Okan"]
[Result "1-0"]
[ECO "C80"]
[WhiteElo "1974"]
[BlackElo "1653"]
[Annotator "RC"]
[PlyCount "79"]
[EventDate "2022.01.22"]
[EventType "schev"]
[EventCountry "TUR"]
[SourceTitle "playchess.com"]
[Source "ChessBase"]
[SourceQuality "1"]
[TimeControl "5400+30"]

1. e4 e5 2. Nf3 Nc6 3. Bb5 a6 4. Ba4 Nf6 5. d4 b5 6. Bb3 Nxe4 7. O-O d5 8. Nxe5 Nxe5 9. dxe5 Be6 10. Nd2 Nxd2 11. Bxd2 Bc5 12. Kh1 O-O 13. f4 Qd7 14. Qe1 c6 15. Qg3 Bf5 16. Rae1 Rfe8 17. c3 Re6 18. Be3 Be7 19. Qf2 Kh8 20. Bc2 Rg6 21. Bxf5 Qxf5 22. Bc5 Bxc5 23. Qxc5 h5 24. Rf2 a5 25. Qe7 Re6 26. Qh4 g6 27. h3 Kg7 28. g4 hxg4 29. hxg4 Qd3 30. Rh2 Qf3+ 31. Kg1 Qxf4 32. Qh7+ Kf8 33. Rf1 Qe3+ 34. Rhf2 Ra7 35. Qh8+ Ke7 36. Kg2 Rxe5 37. Rxf7+ Kd6 38. Qb8+ Kc5 39. Qxa7+ Kc4 40. b3+ 1-0